 Dungeon Crawl Stone Soup version 0.22-a0-135-g6f012ad (webtiles) character file.

49 varam the Caller (level 3, 0/19 HPs)
             Began as a Deep Elf Summoner on Jan 31, 2018.
             Slain by a worm (7 damage)
             ... on level 3 of the Dungeon.
             The game lasted 00:08:50 (2054 turns).

varam the Caller (Deep Elf Summoner)                Turns: 2054, Time: 00:08:51

Health: 0/19       AC:  7    Str:  6    XL:     3   Next: 51%
Magic:  8/10       EV: 13    Int: 19    God:
Gold:   106        SH:  0    Dex: 15    Spells: 3/9 levels left

rFire    . . .     SeeInvis .   r - -2 dagger (curse)
rCold    . . .     Gourm    .   (no shield)
rNeg     . . .     Faith    .   a - +0 robe
rPois    +         Spirit   .   (no helmet)
rElec    .         Reflect  .   (no cloak)
rCorr    .         Harm     .   (no gloves)
MR       .....                  (no boots)
Stlth    ++........             (no amulet)
HPRegen  0.06/turn              j - ring of poison resistance
MPRegen  0.12/turn              k - +5 ring of protection

@: no status effects
A: no striking features
a: no special abilities


You were on level 3 of the Dungeon.
You were not hungry.

You visited 1 branch of the dungeon, and saw 3 of its levels.

You collected 106 gold pieces.

Inventory:

Hand Weapons
 f - a +0 dagger
 n - a +0 rapier
 r - a cursed -2 dagger (weapon)
Missiles
 p - 6 tomahawks (quivered)
Armour
 a - a +0 robe (worn)
Jewellery
 j - a ring of poison resistance (left hand)
 k - a +5 ring of protection (right hand)
Scrolls
 d - a scroll of remove curse {unknown}
 e - a scroll of enchant armour
 h - a scroll of fog
 i - a scroll of teleportation
 o - a scroll of enchant weapon
Potions
 g - a potion of heal wounds {unknown}
 l - a potion of flight {unknown}
 s - a potion of degeneration {unknown}
Books
 b - a book of Callings

   Spells                             Type                      Level
   a - Summon Small Mammal            Summoning                    1
   b - Call Imp                       Summoning                    2
   c - Call Canine Familiar           Summoning                    3
   d - Summon Guardian Golem          Hexes/Summoning              3
   e - Summon Lightning Spire         Summoning/Air                4
   f - Summon Ice Beast               Ice/Summoning                4
 m - a book of Cantrips

   Spells                             Type                      Level
   a - Confusing Touch                Hexes                        1
   b - Animate Skeleton               Necromancy                   1
   c - Summon Small Mammal            Summoning                    1
   d - Apportation                    Translocation                1
Comestibles
 c - 5 rations
 q - 2 chunks of flesh


   Skills:
 + Level 0.1 Fighting
 + Level 0.1 Short Blades
 + Level 2.4 Dodging
 + Level 3.3 Stealth
 + Level 3.6 Spellcasting
 * Level 5.1 Summonings


You had 3 spell levels left.
You knew the following spells:

 Your Spells              Type           Power        Failure   Level  Hunger
a - Summon Small Mammal   Summ           ###.         1%          1    None
b - Call Imp              Summ           ###.....     2%          2    ##.....
c - Call Canine Familiar  Summ           ###.....     5%          3    ###....


Dungeon Overview and Level Annotations

Branches:
Dungeon (3/15)

Altars:
Elyvilon


Message History

Butcher a goblin corpse? [(y)es/(c)hoosy/(n)o/(a)ll/(e)dible/(q)uit/?]
There isn't anything else to butcher here.
Butcher a leopard gecko corpse? [(y)es/(c)hoosy/(n)o/(a)ll/(e)dible/(q)uit/?]
Butcher a goblin corpse? [(y)es/(c)hoosy/(n)o/(a)ll/(e)dible/(q)uit/?]
You butcher the leopard gecko corpse.
You butcher the goblin corpse.
Items here: %% ) รท a club; 2 chunks of flesh; 3 chunks of flesh; a goblin skeleton There isn't anything to butcher here.
Found 15 stones.
You hit the worm but do no damage.
Your hound barely misses the worm.
The worm bites you!
Ouch! That really hurt!
You hit the worm.
The worm is lightly wounded.
Your hound bites the worm.
You hit the worm.
The worm is moderately wounded.
Your hound bites the worm.
The worm bites you!
You die...

##(....#......#
##.............#
#..!.....$......
#...............
#...............
#...............
#......w........
#......h@.......
.#...........#.
####.).#####..
####...#
####......#
.........##
.........#
.....#.##
.<...#.#


You could see a worm and a friendly hound.

Vanquished Creatures
  An adder (D:2)
  2 dart slugs
  2 leopard geckos
  4 bats
  A giant cockroach (D:2)
  2 goblins
  3 hobgoblins
  2 kobolds
  A frilled lizard (D:2)
  3 rats
21 creatures vanquished.

Vanquished Creatures (collateral kills)
  2 adders
  A leopard gecko (D:3)
  An orc (D:3)
  3 goblins
  2 hobgoblins
  2 kobolds
  2 bats
13 creatures vanquished.

Grand Total: 34 creatures vanquished

Notes
Turn   | Place    | Note
-------+----------+-------------------------------------------
     0 | D:1      | varam the Deep Elf Summoner began the quest for the Orb.
     0 | D:1      | Reached XP level 1. HP: 10/10 MP: 6/6
   314 | D:1      | Reached XP level 2. HP: 14/15 MP: 8/8
   639 | D:2      | Learned a level 2 spell: Call Imp
   802 | D:2      | HP: 1/15 [kobold/dagger (2)]
  1184 | D:2      | Reached skill level 3 in Stealth
  1249 | D:2      | Reached skill level 5 in Summonings
  1249 | D:2      | Reached XP level 3. HP: 17/19 MP: 8/10
  1357 | D:2      | Learned a level 3 spell: Call Canine Familiar
  1964 | D:3      | Found a white marble altar of Elyvilon.
  2054 | D:3      | Slain by a worm

Vault maps used:
D:1:      dpeg_arrival_fog
D:2:      first_ration, minmay_pentomino_q2
D:3:      elyvilon_altar_1, nicolae_overflow_hidden_temple

Skill      XL: |  1  2 |
---------------+-------+-----
Stealth        | 3 |  3.3
Summonings     | 5 |  5.1
Fighting       | |  0.1
Short Blades   | |  0.1
Dodging        | |  2.4
Spellcasting   | |  3.6

Action                   || total
-------------------------++-------
Melee: Dagger            ||   101
       Unarmed           ||    12
       Rapier            ||    15
 Cast: Summon Small Mamm ||    14
       Call Imp          ||     3
       Call Canine Famil ||     4
  Use: Scroll            ||     6
 Stab: Sleeping          ||     8
       Distracted        ||     1
  Eat: Chunk             ||     1
       Ration            ||     1
Armor: Robe              ||    30
Dodge: Dodged            ||    96

Table legend:
 A = Spawn XP
 B = Non-spawn XP
 C = Spawn XP percentage of total XP
 D = Spawn monster count
 E = Non-spawn monster count
 F = Spawn count percentage of total count
 G = Total turns spent on level
                    A         B        C        D         E        F      G
               +---------+---------+-------+---------+---------+-------+---------
         Total |       0 |      70 |   0.0 |       0 |      34 |   0.0 |  2054
               +---------+---------+-------+---------+---------+-------+---------
           D:1 |       0 |      16 |   0.0 |       0 |      10 |   0.0 |   608
           D:2 |       0 |      37 |   0.0 |       0 |      16 |   0.0 |  1230
           D:3 |       0 |      17 |   0.0 |       0 |       8 |   0.0 |   216
               +---------+---------+-------+---------+---------+-------+---------
